[Event "Sunday 29 April Rapid Engine Tour 12+1 Rounds 9 Starts 1600 ST"]
[Site "Infinity Chess"]
[Date "2018.4.29"]
[Round "3"]
[White "CoffeeOne"]
[Black "Medusa"]
[Result "1/2-1/2"]
[ECO "C55"]
[WhiteElo "2477"]
[BlackElo "2455"]
[WhiteEngine "cfish-2018-04-25-2"]
[BlackEngine "Eman 1.70-beta23 64-bit BMI2"]
[EventType "Swiss"]
[WhiteTeam ""]
[BlackTeam ""]
[PlyCount "121"]
[TimeControl "720+1"]

1. e4 e5 2. Nf3 Nc6 3. Bc4 Nf6 4. d3 Bc5 5. c3 d6 6. O-O a5 7. h3 O-O 8. Re1 h6 
9. Bb3 Re8 10. Nbd2 Be6 11. Ba4 Qb8 12. d4 b5 13. dxc5 bxa4 14. Qxa4 Ne7 
15. cxd6 cxd6 16. Nh4 Rc8 17. Nf1 d5 18. exd5 Nfxd5 19. Qe4 f6 20. Ng6 a4 
21. Nxe7+ Nxe7 22. f4 Ra5 23. Qc2 Bf5 24. Qf2 Bd3 25. fxe5 fxe5 26. Qg3 e4 
27. Qxb8 Rxb8 28. Ne3 Nf5 29. Nd1 Ra6 30. Kh2 Rg6 31. Be3 Nxe3 32. Rxe3 Kf7 
33. b3 axb3 34. axb3 Rxb3 35. Ra7+ Kg8 36. Ra8+ Kh7 37. Ra1 Bb1 38. Ra7 Bd3 
39. Ra2 Rc6 40. Rf2 Rb5 41. Ra2 Re5 42. Ra7 Rc4 43. Rb7 Re6 44. Rg3 Rg6 
45. Rxg6 Kxg6 46. Kg3 Rc6 47. Ne3 Rxc3 48. Kf4 Rc6 49. Ke5 Rf6 50. Ra7 Rf7 
51. Rxf7 Kxf7 52. h4 h5 53. g3 Kg8 54. g4 hxg4 55. Nxg4 Kf7 56. h5 Ke7 57. h6 e3 
58. hxg7 e2 59. g8=Q e1=Q+ 60. Kf4 Qf1+ 61. Ke3 1/2-1/2

[Event "Sunday 29 April Rapid Engine Tour 12+1 Rounds 9 Starts 1600 ST"]
[Site "Infinity Chess"]
[Date "2018.4.29"]
[Round "3"]
[White "Murx"]
[Black "Deep_Impact"]
[Result "1/2-1/2"]
[ECO "C55"]
[WhiteElo "2514"]
[BlackElo "2506"]
[WhiteEngine "asmFishW_2018-04-07_popcnt"]
[BlackEngine "asmFishW_2018-04-24_bmi2"]
[EventType "Swiss"]
[WhiteTeam ""]
[BlackTeam ""]
[PlyCount "228"]
[TimeControl "720+1"]

1. e4 e5 2. Nf3 Nc6 3. Bc4 Nf6 4. d3 Bc5 5. O-O d6 6. c3 O-O 7. Nbd2 a6 
8. Bb3 Ba7 9. a4 h6 10. Re1 Nh5 11. Nf1 Qf6 12. a5 g5 13. h3 Nf4 14. Be3 Be6 
15. Bc2 Kh8 16. d4 Rg8 17. d5 Bxh3 18. gxh3 Nxh3+ 19. Kg2 g4 20. Ng3 Nf4+ 
21. Bxf4 exf4 22. Nh4 fxg3 23. Nf5 Ne7 24. fxg3 Nxf5 25. exf5 Rae8 26. Rxe8 Rxe8 
27. Qxg4 Qg5 28. Qxg5 hxg5 29. Kf3 Re3+ 30. Kg4 Kg7 31. f6+ Kxf6 32. Rf1+ Kg7 
33. Bf5 b6 34. axb6 Bxb6 35. Rf3 Rxf3 36. Kxf3 Kf6 37. Bd3 a5 38. Ke4 Bf2 
39. g4 Bb6 40. b3 Bg1 41. Be2 Bh2 42. Bb5 Bf4 43. c4 Kg6 44. Bd7 Bg3 45. Ba4 Bf4 
46. Bd7 Kf6 47. Be8 Bg3 48. Bb5 Bh2 49. Be8 Ke7 50. Bb5 f6 51. Kf5 Bg3 
52. Ba4 Bf4 53. Bb5 Bg3 54. Bc6 Bf4 55. Ke4 Kf7 56. Kf5 Be3 57. Bb5 Ke7 
58. Ke4 Bf4 59. Kf5 Kf7 60. Ba4 Be3 61. Bd7 Bg1 62. Be6+ Ke7 63. Ke4 Bh2 
64. Bf5 Ke8 65. Kd3 Bg3 66. Be6 Bf2 67. Ke4 Be1 68. Bf5 Kf7 69. Ke3 Bb4 
70. Ke4 Be1 71. Kd3 Bb4 72. Be6+ Ke7 73. Bc8 Bc5 74. Be6 Bf2 75. Kc3 Bc5 
76. Kd3 Bb6 77. Ke4 Bg1 78. Kd3 Bh2 79. Bf5 Be5 80. Ke4 Kf7 81. Kf3 Bd4 
82. Be6+ Ke7 83. Bf5 Kf8 84. Be6 Ke7 85. Bf5 Kd8 86. Ke4 Bb6 87. Be6 Bg1 
88. Bf5 Bf2 89. Kf3 Be1 90. Ke4 Bd2 91. Kd4 Be1 92. Ke4 Ke7 93. Bc8 Bb4 
94. Kf3 Bc5 95. Kg3 Be3 96. Kh3 Kd8 97. Bb7 Ke8 98. Bc8 Kf8 99. Kg2 Kg7 
100. Kh3 f5 101. gxf5 Bf4 102. Be6 Be3 103. Bd7 Bc1 104. Kg4 Bd2 105. Bc8 Kf6 
106. Be6 Bf4 107. Kf3 Bh2 108. Bd7 Bf4 109. Kg4 Ke5 110. Bb5 Kf6 111. Bd7 Ke5 
112. Be6 Kf6 113. Kf3 Kg7 114. Kg4 Kf6 1/2-1/2

[Event "Sunday 29 April Rapid Engine Tour 12+1 Rounds 9 Starts 1600 ST"]
[Site "Infinity Chess"]
[Date "2018.4.29"]
[Round "3"]
[White "Susanne"]
[Black "KRAKEN"]
[Result "1/2-1/2"]
[ECO "C55"]
[WhiteElo "2553"]
[BlackElo "2562"]
[WhiteEngine "asmFishW_IX_bmi2_CTG"]
[BlackEngine "Raubfisch ME262_GTZ17b2_CTG"]
[EventType "Swiss"]
[WhiteTeam ""]
[BlackTeam ""]
[PlyCount "189"]
[TimeControl "720+1"]

1. e4 e5 2. Nf3 Nc6 3. Bc4 Nf6 4. d3 Bc5 5. c3 O-O 6. O-O d6 7. Re1 Ng4 
8. Rf1 a5 9. Bg5 Nf6 10. Nbd2 h6 11. Bh4 Be6 12. h3 g5 13. Bg3 Ba7 14. a3 Qd7 
15. Re1 Bxc4 16. Nxc4 a4 17. Ne3 Bxe3 18. Rxe3 Rfe8 19. Re1 Qe6 20. Rb1 Kg7 
21. d4 Qb3 22. Qd3 Nd7 23. Nd2 Qb6 24. Nf3 f6 25. Rbd1 Qa6 26. Qc2 Nb6 
27. Nd2 Ne7 28. h4 Rh8 29. Nf1 Nc4 30. Qe2 Raf8 31. h5 Na5 32. Qc2 Nc4 
33. f3 Qb5 34. Qe2 Qb3 35. Nd2 Nxd2 36. Rxd2 Nc6 37. Rc1 Ra8 38. d5 Na5 
39. c4 Qb6+ 40. Bf2 Qa6 41. Rc3 b6 42. Rd1 Rhe8 43. Rc2 Nb3 44. Qe1 Qc8 
45. g4 Qa6 46. Qc3 Qc8 47. Kg2 Rd8 48. Qb4 Rh8 49. Kh2 Qd7 50. Kh3 Rad8 
51. Be3 Rhf8 52. Qb5 Rh8 53. Qb4 Na5 54. Bf2 Nb3 55. Kg3 Kf8 56. Qc3 Ra8 
57. Qb4 Kg7 58. Qe1 Qe8 59. Qc3 Rb8 60. Re1 Ra8 61. Kg2 Rf8 62. Be3 Qd8 
63. Kg3 Qb8 64. Kh3 Rd8 65. Kh2 Qc8 66. Rd1 Rh8 67. Kh3 Qe8 68. Rf1 Na5 
69. Kg2 Qc8 70. Rd1 Nb3 71. Qd3 Qd7 72. Bf2 Kf8 73. Qc3 Rb8 74. Qb4 Ra8 
75. Bg1 Kf7 76. Qc3 Rhg8 77. Qb4 Ke7 78. Qc3 Rab8 79. Qb4 Nc5 80. Re2 Kf7 
81. Bf2 Kg7 82. Kg3 Qe8 83. Rc2 Nb3 84. Bg1 Kh7 85. Be3 Kg7 86. Kh2 Kf7 
87. Qe1 Kg7 88. Kg1 Rf8 89. Qb4 Rh8 90. Kf2 Qd7 91. Kg2 Qe8 92. Qb5 Rf8 
93. Kh3 Ra8 94. Kg3 Qe7 95. Rh1 1/2-1/2

[Event "Sunday 29 April Rapid Engine Tour 12+1 Rounds 9 Starts 1600 ST"]
[Site "Infinity Chess"]
[Date "2018.4.29"]
[Round "3"]
[White "Gilgamesch"]
[Black "KhalidOmar"]
[Result "1/2-1/2"]
[ECO "C50"]
[WhiteElo "2496"]
[BlackElo "2463"]
[WhiteEngine "BrainFish_180408_x64_bmi2"]
[BlackEngine "Eman 1.70-beta28 64-bit BMI2"]
[EventType "Swiss"]
[WhiteTeam ""]
[BlackTeam ""]
[PlyCount "193"]
[TimeControl "720+1"]

1. e4 e5 2. Nf3 Nc6 3. Bc4 Bc5 4. O-O Nf6 5. Re1 O-O 6. d3 d6 7. c3 a5 
8. Nbd2 Be6 9. Bb5 Ne7 10. d4 Ba7 11. Nf1 Ng6 12. Ng3 c6 13. Bf1 Bg4 14. Be3 Re8 
15. h3 Bxf3 16. Qxf3 d5 17. Bg5 exd4 18. Bxf6 Qxf6 19. Qxf6 gxf6 20. exd5 Rxe1 
21. Rxe1 cxd5 22. Nh5 f5 23. cxd4 Bxd4 24. Rd1 Bxb2 25. Rxd5 f4 26. Rf5 Rc8 
27. Nxf4 Bd4 28. Rd5 Bxf2+ 29. Kxf2 Nxf4 30. Rxa5 Rc2+ 31. Kg3 Ne6 32. Ra4 Kf8 
33. a3 Rc3+ 34. Kh2 Ke7 35. Ra5 Kf6 36. a4 Ra3 37. Bc4 h6 38. Kg1 Nf4 
39. Ra7 Rc3 40. Bf1 Rb3 41. Kf2 Rb2+ 42. Kg3 Ne6 43. Bc4 Nc5 44. Bd5 Rb4 
45. a5 Ra4 46. Bxb7 Nxb7 47. Rxb7 Rxa5 48. Rb6+ Kg7 49. h4 Ra4 50. h5 Ra2 
51. Kh4 Rxg2 52. Ra6 Rg1 53. Ra5 Rh1+ 54. Kg3 Rc1 55. Ra6 Rc2 56. Ra7 Rc3+ 
57. Kf4 Rc2 58. Ke4 Kf6 59. Kf4 Rc6 60. Rb7 Ra6 61. Rb5 Ra4+ 62. Kf3 Ra7 
63. Kg4 Ra4+ 64. Kf3 Ra6 65. Rb1 Rd6 66. Ra1 Rd3+ 67. Ke2 Rd5 68. Rb1 Ke6 
69. Rb6+ Rd6 70. Rb5 Rc6 71. Kf2 Kf6 72. Ra5 Rc2+ 73. Kf3 Rb2 74. Ra8 Rb5 
75. Ra1 Kg5 76. Rg1+ Kf6 77. Ra1 Rb6 78. Rh1 Rb3+ 79. Kf4 Ra3 80. Rf1 Rb3 
81. Ra1 Rb4+ 82. Ke3 Rb6 83. Kf2 Rb2+ 84. Ke3 Rb6 85. Ra4 Kf5 86. Ra1 Rf6 
87. Rb1 Ra6 88. Rg1 Kf6 89. Kf4 Ra2 90. Re1 Rc2 91. Ra1 Rh2 92. Ra6+ Kg7 
93. Ra1 Kh7 94. Ke5 Kg7 95. Kf4 Kh7 96. Rb1 Kg7 97. Ra1 1/2-1/2

[Event "Sunday 29 April Rapid Engine Tour 12+1 Rounds 9 Starts 1600 ST"]
[Site "Infinity Chess"]
[Date "2018.4.29"]
[Round "2"]
[White "IronMan"]
[Black "Katzenmaier"]
[Result "1/2-1/2 "]
[ECO "C65"]
[WhiteElo "2381"]
[BlackElo "2453"]
[WhiteEngine "Eman 1.70-beta23 64-bit POPCNT"]
[BlackEngine "Raubfisch X38b1"]
[EventType "Swiss"]
[WhiteTeam ""]
[BlackTeam ""]
[PlyCount "177"]
[TimeControl "720+1"]

1. e4 e5 2. Nf3 Nc6 3. Bb5 Nf6 4. d3 Bc5 5. Bxc6 dxc6 6. O-O Bd6 7. a4 O-O 
8. Bg5 h6 9. Bh4 Re8 10. Nbd2 Be6 11. a5 b5 12. axb6 cxb6 13. Re1 Bc7 14. h3 a5 
15. Nf1 b5 16. c3 a4 17. Qc1 c5 18. Qe3 Bd6 19. Ng3 Kh7 20. Nh5 Be7 
21. Bxf6 Bxf6 22. Qxc5 Qxd3 23. Nxe5 Qc2 24. Nf3 Qxb2 25. Nxf6+ gxf6 26. Nd4 a3 
27. Qxb5 Qxc3 28. Nxe6 Rxe6 29. Qb7 Rf8 30. Qa7 Rxe4 31. Rf1 Rg8 32. Rxa3 Qc6 
33. g3 Kg7 34. Ra6 Qd5 35. Ra5 Qe6 36. Kh2 Rd8 37. Rfa1 Rd2 38. R5a2 Rd5 
39. Qb8 Rh5 40. h4 Rf5 41. Qa7 h5 42. Kg2 Rc4 43. Qa8 Rd5 44. Kg1 Rc8 
45. Qb7 Rd3 46. Ra6 Qg4 47. Ra7 Qe6 48. Ra8 Rxa8 49. Qxa8 Qh3 50. Qe4 Rd2 
51. Qf3 Qg4 52. Qxg4+ hxg4 53. Kf1 Kg6 54. Ra3 f5 55. Ra6+ f6 56. Ra7 f4 
57. gxf4 Rd4 58. Kg2 f5 59. Kg3 Rd3+ 60. Kg2 Rd4 61. Ra6+ Kh5 62. Ra7 Rxf4 
63. Rh7+ Kg6 64. Rh8 Rd4 65. Rg8+ Kf7 66. Ra8 Rd7 67. h5 Rd2 68. Ra7+ Kf6 
69. h6 Rd6 70. h7 Rd8 71. Kg3 Rh8 72. Rb7 Rd8 73. Rb5 Rd3+ 74. Kg2 Rh3 
75. Rb6+ Kg5 76. Rb7 Kf6 77. f3 Kg5 78. Ra7 Kf6 79. fxg4 fxg4 80. h8=Q+ Rxh8 
81. Ra6+ Ke5 82. Ra5+ Kd4 83. Ra1 Kd3 84. Kg3 Rh3+ 85. Kg2 Ke2 86. Ra2+ Kd1 
87. Ra1+ Kc2 88. Ra5 Rc3 89. Rf5 1/2-1/2

[Event "Sunday 29 April Rapid Engine Tour 12+1 Rounds 9 Starts 1600 ST"]
[Site "Infinity Chess"]
[Date "2018.4.29"]
[Round "2"]
[White "KQRBNP"]
[Black "ocirema"]
[Result "1/2-1/2"]
[ECO "D31"]
[WhiteElo "2320"]
[BlackElo "2389"]
[WhiteEngine "Eman 1.70-beta28 64-bit POPCNT"]
[BlackEngine "asmFishW_9_popcnt_CTG"]
[EventType "Swiss"]
[WhiteTeam ""]
[BlackTeam ""]
[PlyCount "142"]
[TimeControl "720+1"]

1. d4 d5 2. c4 e6 3. Nc3 c6 4. Nf3 Nf6 5. e3 Nbd7 6. Bd3 dxc4 7. Bxc4 b5 
8. Bd3 Bb7 9. a3 Bd6 10. O-O O-O 11. Bd2 a5 12. Qc2 b4 13. axb4 axb4 14. Na4 c5 
15. dxc5 Rc8 16. Be2 Nxc5 17. Bxb4 Bxf3 18. Bxf3 Nxa4 19. Qxa4 Rc4 20. Bxd6 Rxa4 
21. Bxf8 Rxa1 22. Rxa1 Qd3 23. Be7 h6 24. Bxf6 gxf6 25. g3 h5 26. h4 Kg7 
27. Kg2 Kg6 28. Ra8 Qb5 29. Rg8+ Kh6 30. Rh8+ Kg7 31. Rxh5 Qxb2 32. Rc5 f5 
33. Rc7 Qe5 34. Rc1 Qd6 35. Rb1 Kh6 36. Rb5 Kg7 37. Rb1 Qc5 38. Kg1 Qe5 
39. Rd1 Qb5 40. Kg2 Qb2 41. Rd6 Qf6 42. Rd1 Qe5 43. Rc1 Qb5 44. Rd1 Qa5 
45. Rd7 Qa4 46. Rd4 Qa5 47. Rd6 Qe5 48. Rd8 Kh6 49. Rd7 Kg6 50. Rb7 Qc5 
51. Rb8 Kg7 52. Rd8 Qc2 53. Ra8 Qc3 54. Rb8 Qe5 55. Rb7 Qc3 56. e4 fxe4 
57. Bxe4 Qc1 58. Bf3 Qd2 59. Rc7 Qd3 60. Rc5 Qd2 61. Rg5+ Kf6 62. Rg8 Ke7 
63. Rc8 Qa5 64. h5 Qg5 65. Rb8 Qh6 66. Rg8 Kf6 67. g4 Qh7 68. Rc8 Qd3 
69. Rg8 Qh7 70. Rc8 Qh6 71. Rg8 Qh7 1/2-1/2

[Event "Sunday 29 April Rapid Engine Tour 12+1 Rounds 9 Starts 1600 ST"]
[Site "Infinity Chess"]
[Date "2018.4.29"]
[Round "2"]
[White "fsher"]
[Black "Dovahkiin"]
[Result "1/2-1/2"]
[ECO "C50"]
[WhiteElo "2390"]
[BlackElo "2378"]
[WhiteEngine "stockfish_17060619_x64_modern_CTG"]
[BlackEngine "BrainFish_180423_x64_modern_CTG"]
[EventType "Swiss"]
[WhiteTeam ""]
[BlackTeam ""]
[PlyCount "107"]
[TimeControl "720+1"]

1. e4 e5 2. Nf3 Nc6 3. Bc4 Bc5 4. O-O Nf6 5. d3 d6 6. c3 a5 7. Bg5 Ba7 8. Bh4 h6 
9. Na3 g5 10. Bg3 O-O 11. Rc1 g4 12. Nh4 Nh5 13. Nc2 Qg5 14. d4 Bd7 15. Qd3 Rae8 
16. a3 Nf4 17. Bxf4 exf4 18. g3 Ne7 19. Rce1 c6 20. Ng2 Ng6 21. gxf4 Nxf4 
22. Nxf4 Qxf4 23. Qe3 Qxe3 24. Rxe3 b5 25. Ba2 c5 26. f3 b4 27. axb4 axb4 
28. Bd5 Be6 29. Rd3 Bxd5 30. exd5 f5 31. cxb4 cxd4 32. Kg2 Re2+ 33. Rf2 Rfe8 
34. fxg4 fxg4 35. Na3 Rxf2+ 36. Kxf2 Re5 37. Nc4 Rxd5 38. Ra3 Rf5+ 39. Kg3 d5 
40. Kxg4 Rg5+ 41. Kf3 dxc4 42. Rxa7 Rb5 43. Ke4 d3 44. Kd4 d2 45. Ra1 Rxb4 
46. Kc3 Rb3+ 47. Kxc4 Rxb2 48. Rd1 Kf7 49. Kc3 Rb5 50. Rxd2 Kg6 51. Kc4 Rb1 
52. Rd5 Rh1 53. Kd4 Rxh2 54. Ke3 1/2-1/2

[Event "Sunday 29 April Rapid Engine Tour 12+1 Rounds 9 Starts 1600 ST"]
[Site "Infinity Chess"]
[Date "2018.4.29"]
[Round "2"]
[White "hafaba"]
[Black "angriff"]
[Result "1/2-1/2"]
[ECO "C77"]
[WhiteElo "2400"]
[BlackElo "2426"]
[WhiteEngine "Eman 1.70-beta21 64-bit POPCNT_CTG"]
[BlackEngine "DracoREX 3.07 64BIT POPCNT_CTG"]
[EventType "Swiss"]
[WhiteTeam ""]
[BlackTeam ""]
[PlyCount "138"]
[TimeControl "720+1"]

1. e4 e5 2. Nf3 Nc6 3. Bb5 a6 4. Ba4 Nf6 5. O-O Be7 6. Re1 b5 7. Bb3 O-O 
8. c3 d5 9. exd5 Nxd5 10. Nxe5 Nxe5 11. Rxe5 c6 12. d4 Bd6 13. Re1 Qh4 
14. g3 Qh3 15. Qe2 Bg4 16. Qf1 Qh5 17. Nd2 Rae8 18. Rxe8 Rxe8 19. f3 Bh3 
20. Qf2 Bf5 21. Nf1 Qg6 22. Bxd5 cxd5 23. Ne3 h5 24. Nxf5 Qxf5 25. Bd2 h4 
26. Re1 Rxe1+ 27. Bxe1 h3 28. Kf1 Qb1 29. b4 g6 30. Kg1 Bf8 31. Qf1 Qd1 
32. Kf2 Bxb4 33. Qxh3 Qc2+ 34. Kg1 Qd1 35. Qf1 Ba5 36. Kf2 Bxc3 37. Bxc3 Qc2+ 
38. Qe2 Qxc3 39. Qe8+ Kg7 40. Qe5+ Kh7 41. Qxd5 Qd2+ 42. Kg1 Qd1+ 43. Kf2 Qd2+ 
44. Kg1 Qe1+ 45. Kg2 Qe2+ 46. Kh3 Kg7 47. a3 a5 48. Qc5 a4 49. d5 Qc4 
50. Qd6 Qc3 51. Qb8 Qxa3 52. Qe5+ f6 53. Qc7+ Kh6 54. f4 Qf3 55. Qf7 Qh5+ 
56. Kg2 a3 57. d6 Qe2+ 58. Kh3 Qf1+ 59. Kh4 a2 60. Qf8+ Kh7 61. Qf7+ Kh6 
62. Qxa2 g5+ 63. Kg4 Qd1+ 64. Kf5 Qxd6 65. Qf7 Qd3+ 66. Kg4 Qe2+ 67. Kf5 Qd3+ 
68. Kg4 Qe2+ 69. Kf5 Qd3+ 1/2-1/2

[Event "Sunday 29 April Rapid Engine Tour 12+1 Rounds 9 Starts 1600 ST"]
[Site "Infinity Chess"]
[Date "2018.4.29"]
[Round "2"]
[White "KhalidOmar"]
[Black "Marsell"]
[Result "1-0"]
[ECO "D11"]
[WhiteElo "2447"]
[BlackElo "2453"]
[WhiteEngine "Eman 1.70-beta28 64-bit BMI2"]
[BlackEngine "BrainFish_180418_x64_bmi2"]
[EventType "Swiss"]
[WhiteTeam ""]
[BlackTeam ""]
[PlyCount "201"]
[TimeControl "720+1"]

1. d4 d5 2. c4 c6 3. Nf3 Nf6 4. e3 e6 5. Bd3 Nbd7 6. b3 Bd6 7. Bb2 O-O 
8. Qc2 Qc7 9. O-O b6 10. Nbd2 Bb7 11. Rfe1 h6 12. e4 Nxe4 13. Nxe4 dxe4 
14. Bxe4 Rfe8 15. Rad1 Nf6 16. c5 Nxe4 17. Rxe4 Bf8 18. Rde1 Red8 19. Rg4 Rd5 
20. b4 h5 21. Rg3 Be7 22. Bc1 Ba6 23. Bg5 bxc5 24. bxc5 Bxg5 25. Nxg5 Rf5 
26. Ne4 Rd8 27. Nd6 Rxd6 28. cxd6 Qxd6 29. Qb2 Rd5 30. Ra3 Bc4 31. Rxa7 Rxd4 
32. Qc3 e5 33. h3 Qf6 34. Qc2 g6 35. Qc1 Kg7 36. a4 Bd5 37. a5 Ra4 38. Qc3 e4 
39. Qe3 Ra2 40. Qc5 Bc4 41. Rc7 Bd5 42. Rc8 Qb2 43. Ra8 Kh7 44. a6 Qd2 
45. Qe3 Qxe3 46. fxe3 c5 47. Ra7 h4 48. Rc1 Ra5 49. g3 hxg3 50. Kg2 Be6 
51. Kxg3 g5 52. Rd1 Ra3 53. Kf2 Ra2+ 54. Ke1 Bc4 55. Rc1 Ra4 56. Rc7 Bxa6 
57. Rxf7+ Kg6 58. Ra7 Ra3 59. Kf2 Ra2+ 60. Kg1 Bc4 61. Rxa2 Bxa2 62. Rxc5 Kh5 
63. Kg2 Kg6 64. Kg3 Kf6 65. h4 gxh4+ 66. Kxh4 Bb1 67. Kg3 Ba2 68. Kf4 Bb1 
69. Rc6+ Ke7 70. Ke5 Kd7 71. Rd6+ Ke7 72. Rb6 Bd3 73. Rb7+ Ke8 74. Kf6 Kd8 
75. Ke6 Kc8 76. Rb4 Kd8 77. Kf7 Kd7 78. Rd4+ Kc6 79. Ke6 Kb6 80. Ke5 Kc5 
81. Rxe4 Bb1 82. Rh4 Bd3 83. e4 Bb5 84. Kf6 Bd7 85. Rh8 Bg4 86. e5 Kb6 
87. e6 Bd1 88. Ke5 Kc7 89. e7 Ba4 90. e8=Q Bxe8 91. Rxe8 Kc6 92. Rc8+ Kb5 
93. Kd4 Kb6 94. Kd5 Kb5 95. Rb8+ Ka5 96. Kd4 Ka4 97. Kc5 Ka3 98. Kc4 Ka2 
99. Kc3 Ka1 100. Kc2 Ka2 101. Ra8# 1-0

[Event "Sunday 29 April Rapid Engine Tour 12+1 Rounds 9 Starts 1600 ST"]
[Site "Infinity Chess"]
[Date "2018.4.29"]
[Round "2"]
[White "star99"]
[Black "Eman"]
[Result "1/2-1/2"]
[ECO "D02"]
[WhiteElo "2455"]
[BlackElo "2445"]
[WhiteEngine "Cryptic Heroes 9.4B"]
[BlackEngine "Eman 1.70-beta27 64-bit BMI2"]
[EventType "Swiss"]
[WhiteTeam ""]
[BlackTeam ""]
[PlyCount "113"]
[TimeControl "720+1"]

1. d4 d5 2. Nf3 Nf6 3. c4 e6 4. Nc3 c6 5. e3 Nbd7 6. h3 Be7 7. cxd5 cxd5 
8. Bd3 b6 9. O-O Bb7 10. b3 Ne4 11. Bb2 Rc8 12. Rc1 O-O 13. Qe2 Nxc3 
14. Bxc3 Bd6 15. Rc2 Nf6 16. Rfc1 Ne4 17. Bb2 Rxc2 18. Rxc2 f6 19. Nd2 Nxd2 
20. Qxd2 Qd7 21. Qe2 g6 22. a3 Rc8 23. Rxc8+ Bxc8 24. g3 Qe7 25. Qc2 Bd7 
26. a4 a5 27. e4 dxe4 28. Bxe4 Ba3 29. Ba1 Qd6 30. h4 Kg7 31. Bf3 Qb8 
32. Bc3 Qc8 33. Qd3 Bc6 34. Bxc6 Qxc6 35. Qc4 Qd7 36. Qa6 Qc7 37. Qc4 Qd7 
38. Bd2 Be7 39. Be3 Bd8 40. f3 h5 41. Kh2 g5 42. hxg5 fxg5 43. Kg2 g4 
44. Kf2 gxf3 45. Kxf3 Kf7 46. Ke4 Bc7 47. Kf3 Kf6 48. Kf2 Qg7 49. g4 hxg4 
50. d5 Qf7 51. dxe6 g3+ 52. Kg2 Qxe6 53. Bg5+ Kf5 54. Qxc7 Kxg5 55. Qxg3+ Qg4 
56. Qxg4+ Kxg4 57. Kf2 1/2-1/2

[Event "Sunday 29 April Rapid Engine Tour 12+1 Rounds 9 Starts 1600 ST"]
[Site "Infinity Chess"]
[Date "2018.4.29"]
[Round "2"]
[White "HerzsjeMZ"]
[Black "Medusa"]
[Result "1/2-1/2"]
[ECO "C55"]
[WhiteElo "2449"]
[BlackElo "2455"]
[WhiteEngine "SugaR.XPrO.1.4.64.POCNT"]
[BlackEngine "Eman 1.70-beta23 64-bit BMI2"]
[EventType "Swiss"]
[WhiteTeam ""]
[BlackTeam ""]
[PlyCount "91"]
[TimeControl "720+1"]

1. e4 e5 2. Nf3 Nc6 3. Bc4 Nf6 4. d3 Bc5 5. c3 O-O 6. O-O d6 7. h3 h6 8. b4 Bb6 
9. Nbd2 Ne7 10. Re1 c6 11. d4 Ng6 12. Bf1 a5 13. b5 cxb5 14. Bxb5 Be6 15. a4 Rc8 
16. Bb2 Nh7 17. Rb1 Ng5 18. Nxg5 Qxg5 19. Nf3 Qf6 20. Bf1 Ba2 21. Rc1 Be6 
22. Rb1 Ba2 23. Rc1 Be6 24. c4 Ba7 25. Re3 exd4 26. Bxd4 Bxd4 27. Nxd4 Ne5 
28. Rec3 Rfd8 29. Nb5 b6 30. Qc2 Rc5 31. Rd1 h5 32. Rd4 g5 33. Rxd6 g4 
34. Rxd8+ Qxd8 35. hxg4 hxg4 36. Be2 Ng6 37. Rd3 Qg5 38. Nd6 Nf4 39. Re3 Qf6 
40. Nf5 Qa1+ 41. Kh2 Nxe2 42. Qxe2 Qh8+ 43. Kg1 Qa1+ 44. Kh2 Qh8+ 45. Kg1 Qa1+ 
46. Kh2 1/2-1/2

[Event "Sunday 29 April Rapid Engine Tour 12+1 Rounds 9 Starts 1600 ST"]
[Site "Infinity Chess"]
[Date "2018.4.29"]
[Round "2"]
[White "Deep_Impact"]
[Black "CoffeeOne"]
[Result "1/2-1/2"]
[ECO "D30"]
[WhiteElo "2507"]
[BlackElo "2476"]
[WhiteEngine "asmFishW_2018-04-24_bmi2"]
[BlackEngine "cfish-2018-04-25-2"]
[EventType "Swiss"]
[WhiteTeam ""]
[BlackTeam ""]
[PlyCount "59"]
[TimeControl "720+1"]

1. d4 d5 2. c4 e6 3. Nf3 Nf6 4. e3 Be7 5. Nc3 O-O 6. a3 Nbd7 7. cxd5 exd5 
8. Bd3 Re8 9. O-O Bd6 10. Nb5 Bf8 11. Nc3 c6 12. Qc2 h6 13. Re1 c5 14. Rd1 b6 
15. b3 Bb7 16. Bb2 a6 17. Rac1 Bd6 18. h3 Rc8 19. Qe2 b5 20. dxc5 Nxc5 
21. Bc2 Qe7 22. b4 Ne6 23. Bb3 Rcd8 24. Qf1 d4 25. Nxd4 Nxd4 26. Rxd4 Qe5 
27. Rf4 Qe7 28. Rd4 Qe5 29. Rf4 Qe7 30. Rd4 1/2-1/2

[Event "Sunday 29 April Rapid Engine Tour 12+1 Rounds 9 Starts 1600 ST"]
[Site "Infinity Chess"]
[Date "2018.4.29"]
[Round "2"]
[White "Susanne"]
[Black "Murx"]
[Result "1/2-1/2 "]
[ECO "B90"]
[WhiteElo "2555"]
[BlackElo "2512"]
[WhiteEngine "asmFishW_IX_bmi2_CTG"]
[BlackEngine "asmFishW_2018-04-07_popcnt"]
[EventType "Swiss"]
[WhiteTeam ""]
[BlackTeam ""]
[PlyCount "224"]
[TimeControl "720+1"]

1. e4 c5 2. Nf3 d6 3. d4 cxd4 4. Nxd4 Nf6 5. Nc3 a6 6. Be3 e5 7. Nb3 Be6 
8. f3 h5 9. Nd5 Bxd5 10. exd5 Nbd7 11. Be2 g6 12. Qd2 Bg7 13. O-O b6 14. c4 O-O 
15. Kh1 Rc8 16. Rae1 Re8 17. Qd1 Rb8 18. Nd2 b5 19. Ne4 Nxe4 20. fxe4 bxc4 
21. Qc2 Nb6 22. Rf3 Qd7 23. Ref1 Rf8 24. Bc1 a5 25. Ra3 Kh7 26. Rg3 Rh8 
27. h3 Rb7 28. b3 Qe7 29. Bg5 f6 30. Bd2 cxb3 31. axb3 Ra7 32. Rc3 Bh6 
33. Be1 Nd7 34. Bf2 Nc5 35. Bxc5 dxc5 36. Rxc5 Bg5 37. Rd1 Rd8 38. Rc6 Rd6 
39. Rc8 Be3 40. Rd3 Bb6 41. Rdc3 Bd8 42. Bb5 Rb7 43. Ba4 Kg7 44. R3c6 Rbd7 
45. Rc5 Ra7 46. Bb5 Rb7 47. Qc3 f5 48. exf5 gxf5 49. Qg3+ Kh7 50. R5c6 Rxc6 
51. dxc6 Rc7 52. Qd3 Rxc8 53. Qxf5+ Kg7 54. Qxc8 e4 55. g3 Bb6 56. Qd7 Kf6 
57. Bc4 Qe5 58. Qf7+ Kg5 59. Qg8+ Kf5 60. Qf8+ Kg5 61. Qg8+ Kf5 62. Qc8+ Kg6 
63. Qe6+ Qxe6 64. Bxe6 Kf6 65. Bc8 Bd4 66. Kg2 Be5 67. Bb7 Ke6 68. c7 Bxc7 
69. Bxe4 Kf6 70. Bf3 Kg6 71. h4 Be5 72. Bd1 Bd4 73. Kh3 Be5 74. Kg2 Bg7 
75. Bc2+ Kf7 76. Bb1 Bd4 77. Ba2 Bc3 78. Bb1 Bb4 79. Ba2 Bc3 80. Bb1 Kf6 
81. Bc2 Be1 82. Bd1 Kg6 83. Kh3 Bb4 84. Bc2+ Kf7 85. Bd1 Kg6 86. Bc2+ Kg7 
87. Bf5 Kf7 88. Bc8 Kg7 89. Bf5 Be1 90. Kg2 Kf6 91. Bc2 Bd2 92. Kh3 Bc3 
93. Bh7 Bd2 94. Kg2 Kg7 95. Be4 Kf6 96. Bd5 Be3 97. Bc4 Bd4 98. Kf1 Be5 
99. Kf2 Bc3 100. Bb5 Kg6 101. Bd3+ Kf6 102. Kf1 Be5 103. Kf2 Bd4+ 104. Kf3 Be5 
105. Bf1 Kg6 106. Kg2 Kf7 107. Be2 Kg6 108. Bc4 Kf6 109. Ba6 Kg7 110. Bb5 Kg6 
111. Bc6 Kf7 112. Be4 Kf6 1/2-1/2

[Event "Sunday 29 April Rapid Engine Tour 12+1 Rounds 9 Starts 1600 ST"]
[Site "Infinity Chess"]
[Date "2018.4.29"]
[Round "2"]
[White "KRAKEN"]
[Black "Gilgamesch"]
[Result "1/2-1/2"]
[ECO "D31"]
[WhiteElo "2565"]
[BlackElo "2493"]
[WhiteEngine "Raubfisch X38b3._CTG"]
[BlackEngine "BrainFish_180408_x64_bmi2"]
[EventType "Swiss"]
[WhiteTeam ""]
[BlackTeam ""]
[PlyCount "127"]
[TimeControl "720+1"]

1. d4 d5 2. c4 e6 3. Nc3 c6 4. e3 Nf6 5. Nf3 Nbd7 6. Bd3 dxc4 7. Bxc4 b5 
8. Be2 Bb7 9. O-O Be7 10. a3 a5 11. b3 b4 12. axb4 axb4 13. Na4 O-O 14. Bb2 c5 
15. Nd2 cxd4 16. Bxd4 Qb8 17. Nc4 Rd8 18. Qc2 Bd5 19. Rfd1 h6 20. Rac1 Rc8 
21. Qb1 Rd8 22. Qc2 Rc8 23. Qd3 Rc6 24. Qb1 Ne4 25. f3 Nd6 26. Ne5 Nxe5 
27. Bxe5 Rxc1 28. Rxc1 Qb7 29. Qd3 Ra5 30. Bg3 Ne8 31. e4 Bc6 32. Qd1 Bg5 
33. Rb1 Ra8 34. Bf2 Rd8 35. Qf1 Bf6 36. Nc5 Qc7 37. Rd1 Nd6 38. g3 Qa5 
39. Kg2 Bc3 40. Na6 Qa2 41. Nc5 Bf6 42. Qe1 Bc3 43. Qf1 e5 44. h3 Kh7 45. h4 Kg8 
46. Na6 Qb2 47. g4 Nb7 48. Bc4 Rxd1 49. Qxd1 Nd6 50. Qxd6 Bd4 51. Kh3 Qxf2 
52. Qxc6 Qxf3+ 53. Kh2 Qf2+ 54. Kh3 Qe3+ 55. Kg2 Kh7 56. Qc8 Qxe4+ 57. Kh2 Qf4+ 
58. Kh3 Qf3+ 59. Kh2 g6 60. Qf8 Qf2+ 61. Kh3 Qf3+ 62. Kh2 Qf4+ 63. Kh3 Qf3+ 
64. Kh2 1/2-1/2

[Event "Sunday 29 April Rapid Engine Tour 12+1 Rounds 9 Starts 1600 ST"]
[Site "Infinity Chess"]
[Date "2018.4.29"]
[Round "1"]
[White "Eman"]
[Black "KQRBNP"]
[Result "1/2-1/2"]
[ECO "C50"]
[WhiteElo "2450"]
[BlackElo "2315"]
[WhiteEngine "Eman 1.70-beta27 64-bit BMI2"]
[BlackEngine "Eman 1.70-beta28 64-bit POPCNT"]
[EventType "Swiss"]
[WhiteTeam ""]
[BlackTeam ""]
[PlyCount "74"]
[TimeControl "720+1"]

1. e4 e5 2. Nf3 Nc6 3. Bc4 Bc5 4. d3 Nf6 5. c3 d6 6. O-O a5 7. h3 O-O 8. Re1 Ba7 
9. a4 h6 10. Na3 Ne7 11. Bb3 c6 12. Bc2 Ng6 13. d4 Be6 14. Be3 Re8 15. Bd3 Qc7 
16. Qc2 Rad8 17. Rad1 Bb6 18. Kh1 d5 19. exd5 Bxd5 20. dxe5 Bxf3 21. gxf3 Rxe5 
22. Bxg6 Rxd1 23. Rxd1 Bxe3 24. Nc4 Rg5 25. Bxf7+ Kxf7 26. Nxe3 Qf4 27. Qe2 Qxa4 
28. c4 Re5 29. f4 Re7 30. Kg2 Qb3 31. Rd8 Qb4 32. Qd3 Qxb2 33. Nf5 Re2 
34. Nd6+ Ke7 35. Nf5+ Kf7 36. Nd6+ Ke7 37. Nf5+ Kf7 1/2-1/2